 Dungeon Crawl Stone Soup version 0.25.1-2-g60ff931df9 (webtiles) character file.

Game seed: 6867820591472190479

11398 belegose the Thrower (level 11, -11/111 HPs)
             Began as a Troll Assassin on Nov 3, 2020.
             Was a Priest of Kikubaaqudgha.
             Mangled by a yak (16 damage)
             ... on level 1 of the Lair of Beasts.
             The game lasted 01:10:47 (13775 turns).

belegose the Thrower (Troll Assassin)              Turns: 13775, Time: 01:10:47

Health: -11/111    AC: 10    Str: 21    XL:     11   Next: 48%
Magic:  15/15      EV: 11    Int: 10    God:    Kikubaaqudgha [***...]
Gold:   408        SH:  0    Dex: 17    Spells: 5/16 levels left

rFire    . . .     SeeInvis .   b - +1 whip (pain)
rCold    . . .     Gourm    +   (no shield)
rNeg     . . .     Faith    .   B - +1 robe {Archmagi}
rPois    +         Spirit   .   M - +2 hat
rElec    .         Reflect  .   c - +0 cloak
rCorr    .         Harm     .   (gloves unavailable)
MR       .....                  (boots unavailable)
Stlth    ++........             (no amulet)
HPRegen  0.68/turn              J - +6 ring of dexterity
MPRegen  0.14/turn              E - ring of poison resistance

@: lethally poisoned (-11 -> -12)
A: large, unfitting armour, claws 3, fast metabolism 3, gourmand, regeneration
1, shaggy fur 1, tough skin 3
a: Receive Corpses, Renounce Religion


You were on level 1 of the Lair of Beasts.
You worshipped Kikubaaqudgha.
Kikubaaqudgha was most pleased with you.
You were very full.

You visited 3 branches of the dungeon, and saw 12 of its levels.

You collected 660 gold pieces.
You spent 252 gold pieces at shops.

Inventory:

Hand Weapons
 a - a +2 dagger of venom
 b - a +1 whip of pain (weapon)
 k - a +3 scimitar of flaming
 t - the +1 rapier "Havir" {drain, rElec rC+ rN+ Str-4}
   (You bought it in a shop on level 7 of the Dungeon)

   A truly terrible weapon, it drains the life of those it strikes.
   It affects your strength (-4).
   It protects you from cold.
   It insulates you from electricity.
   It protects you from negative energy.
Missiles
 d - 47 poisoned darts (quivered)
 e - 2 curare-tipped darts
 h - 430 stones
 l - 127 sling bullets
 I - 5 boomerangs
 K - a throwing net
Armour
 c - a +0 cloak (worn)
 B - a +1 robe of the Archmagi (worn)
 M - a +2 hat (worn)
 N - a +0 robe of resistance
Jewellery
 v - an uncursed ring of protection from cold
 E - a ring of poison resistance (right claw)
 J - a +6 ring of dexterity (left claw)
 R - an uncursed ring of ice
Wands
 L - a wand of flame (24)
 Q - a wand of random effects (7)
Scrolls
 g - 9 scrolls of identify
 i - 5 scrolls of amnesia {unknown}
 n - 2 scrolls of remove curse
 o - 4 scrolls of teleportation {unknown}
 r - 2 scrolls of blinking {unknown}
 x - 3 scrolls of enchant armour {unknown}
 y - a scroll of random uselessness {unknown}
 z - 2 scrolls of fog {unknown}
 C - 2 scrolls of immolation {unknown}
 G - a scroll of noise {unknown}
 H - 4 scrolls of enchant weapon
Potions
 j - 2 potions of haste
 m - 3 potions of lignification
 p - a potion of cancellation {unknown}
 q - 4 potions of brilliance
 s - a potion of invisibility {unknown}
 u - 2 potions of flight
 w - a potion of resistance {unknown}
 A - a potion of stabbing {unknown}
 D - 4 potions of curing
 F - 2 potions of ambrosia {unknown}
 O - 2 potions of degeneration {unknown}
 P - a potion of heal wounds
Comestibles
 f - 16 rations
 S - 5 chunks of flesh


   Skills:
 + Level 7.8 Fighting
 - Level 2.9(3.0) Short Blades
 - Level 1.0(2.0) Long Blades
 + Level 4.8 Maces & Flails
   Level 1.9 Polearms
 + Level 8.6 Throwing
 - Level 3.1 Armour
 + Level 2.3 Dodging
 - Level 2.1 Stealth
 - Level 5.0 Unarmed Combat
 + Level 3.3 Spellcasting
 + Level 4.5 Necromancy
 + Level 1.8 Evocations


You had 5 spell levels left.
You knew the following spells:

 Your Spells              Type           Power        Failure   Level  Hunger
a - Vampiric Draining     Necr           ###.......   12%         3    ###....
b - Animate Dead          Necr           N/A          38%         4    #####..
c - Dispel Undead         Necr           ###.....     38%         4    #####..

Your spell library contained the following spells:

 Spells                   Type           Power        Failure   Level  Hunger
 Animate Skeleton         Necr           N/A          4%          1    #......
 Pain                     Necr           ###.         4%          1    #......
 Sublimation of Blood     Necr           ###.......   6%          2    ###....
 Corpse Rot               Necr/Air       N/A          16%         2    ###....
 Apportation              Tloc           #.....       26%         1    #......
 Corona                   Hex            #......      26%         1    #......
 Freeze                   Ice            #...         26%         1    #......
 Magic Dart               Conj           #...         26%         1    #......
 Summon Small Mammal      Summ           #...         26%         1    #......
 Blink                    Tloc           N/A          38%         2    ###....
 Call Imp                 Summ           #.......     38%         2    ###....
 Slow                     Hex            #.......     38%         2    ###....
 Conjure Flame            Conj/Fire      #.......     63%         3    ###....
 Frozen Ramparts          Ice            #.....       63%         3    ###....
 Mephitic Cloud           Conj/Pois/Air  #.......     63%         3    ###....
 Ozocubu's Armour         Chrm/Ice       #.......     63%         3    ###....
 Hailstorm                Conj/Ice       #.......     95%         4    #####..
 Summon Ice Beast         Ice/Summ       #.......     95%         4    #####..
 Excruciating Wounds      Chrm/Necr      #.........   96%         5    ######.
 Death Channel            Necr           ###.......   99%         6    #######
 Simulacrum               Ice/Necr       #.........   100%        6    #######


Dungeon Overview and Level Annotations

Branches:
Dungeon (10/15)            Temple (1/1) D:5            Lair (1/6) D:8
    Orc (0/2) D:10

Altars:
Ashenzari
Cheibriados
Dithmenos
Elyvilon
Fedhas
Gozag
Hepliaklqana
Kikubaaqudgha
Makhleb
Nemelex Xobeh
Okawaru
Qazlal
Ru
Sif Muna
Trog
Uskayaw
Vehumet
Wu Jian
Xom
Yredelemnul
Zin
The Shining One

Shops:
D:7 (*   D:8 (**

Annotations:
D:7 Harold


Innate Abilities, Weirdness & Mutations

You are too large for most types of armour.
You have claws for hands.
Your metabolism is lightning-fast.
You like to eat raw meat.
Your natural rate of healing is unusually fast.
You are covered in fur. (AC +1)
You have extremely tough skin. (AC +3)


Message History

You are poisoned.
The spiny frog poisons you!
Found a blackened brass ring.
You feel sick.
You feel sick.
You feel sick. The yak gores you.
* * * LOW HITPOINT WARNING * * *
You feel sick.
Evoke which item? (* to show all) (? for menu, Esc to quit)
Okay, then.
You feel sick.
You feel sick.
You feel sick.
Okay, then.
A porcupine comes into view.
You feel sick.
You feel sick.
You feel sick. The yak gores you!
You die...
Kikubaaqudgha rasps: "You have failed me!
Welcome... death!"

# #.....#...###..........
+.....#...##...#.......
.#.#####...##..####....#
...........#...#≈##....#
............##.....#.#..#
#............##.....#.#÷.#
#.# #......#...# ..#..#
#..rYFY....##..##..#
#..@##+##...####...#
+#...#........#......
......#.F.............
...=....##Y+##.#...#P...
...................÷....
#####.##.##.######.#####
## ## ### ###


You could see 2 yaks, a spiny frog and a porcupine.

Vanquished Creatures
  Gastronok (D:8)
  Erica (D:8)
  A death yak (D:5)
  A two-headed ogre (D:10)
  Joseph (D:7)
  A black mamba (Lair:1)
  A spiny frog (Lair:1)
  A rime drake (Lair:1)
  5 blink frogs
  4 hogs (D:9)
  A human (D:9)
  A steam dragon (D:10)
  2 insubstantial wisps (D:10)
  Duvessa (D:5)
  A water moccasin (Lair:1)
  4 porcupines
  2 orc warriors (D:9)
  2 sky beasts (D:10)
  A black bear (D:10)
  A necrophage (D:8)
  An ice beast (D:10)
  A phantom (D:10)
  4 ogres
  3 crocodiles (Lair:1)
  A big kobold (D:8)
  6 bullfrogs
  Dowan (D:5)
  2 gnoll sergeants
  A wyvern zombie (D:8)
  7 scorpions
  10 killer bees (D:9)
  A howler monkey (D:4)
  5 crimson imps
  2 quasits (D:6)
  A hound (D:7)
  2 jellies
  A centaur zombie (D:6)
  7 orc wizards
  A centaur skeleton (D:10)
  3 orc priests
  An iguana (D:9)
  Jessica (D:3)
  2 bullfrog skeletons
  A hell rat (D:8)
  8 worker ants
  A hound skeleton (D:8)
  A howler monkey zombie (D:5)
  12 gnolls
  8 adders
  A shadow imp (D:5)
  3 adder zombies
  4 worms
  A dart slug (D:2)
  4 leopard geckos
  36 orcs
  9 giant cockroaches
  7 goblins
  5 hobgoblins
  16 jackals
  5 quokkas
  3 ball pythons
  3 bats
  4 frilled lizards
  A giant cockroach zombie (D:5)
  9 kobolds
  A leopard gecko skeleton (D:4)
  A quokka skeleton (D:4)
  7 rats
248 creatures vanquished.

Vanquished Creatures (others)
  A sky beast (D:10)
1 creature vanquished.

Grand Total: 249 creatures vanquished

Notes
Turn   | Place    | Note
-------+----------+-------------------------------------------
     0 | D:1      | belegose the Troll Assassin began the quest for the Orb.
     0 | D:1      | Reached XP level 1. HP: 19/19 MP: 0/0
   154 | D:1      | Reached skill level 2 in Throwing
   177 | D:1      | Reached XP level 2. HP: 28/28 MP: 1/1
   234 | D:1      | Reached skill level 1 in Unarmed Combat
   802 | D:1      | Reached XP level 3. HP: 31/35 MP: 2/2
  1113 | D:2      | Noticed a +0 dagger
  1113 | D:2      | Noticed a +0 dagger
  1115 | D:2      | Found a hide-covered altar of Uskayaw.
  1194 | D:2      | Reached XP level 4. HP: 44/44 MP: 3/3
  1809 | D:3      | Noticed Jessica
  1815 | D:3      | Killed Jessica
  1815 | D:3      | Reached skill level 3 in Throwing
  1941 | D:3      | Reached XP level 5. HP: 52/52 MP: 4/4
  2145 | D:4      | Found an opulent altar of Gozag.
  2532 | D:4      | HP: 2/53 [orc wizard/+0 dagger (4)]
  2548 | D:4      | Reached XP level 6. HP: 16/61 MP: 5/5
  3030 | D:4      | Found a glowing silver altar of Zin.
  3272 | D:5      | Entered Level 5 of the Dungeon
  3579 | D:4      | Reached skill level 4 in Throwing
  3788 | D:5      | Reached XP level 7. HP: 44/68 MP: 6/6
  4149 | D:5      | Found a staircase to the Ecumenical Temple.
  4163 | Temple   | Entered the Ecumenical Temple
  4230 | Temple   | Became a worshipper of Kikubaaqudgha
  4485 | D:5      | Noticed Dowan
  4487 | D:5      | Noticed Duvessa
  4500 | D:5      | Killed Duvessa
  4507 | D:5      | Killed Dowan
  4898 | D:6      | Reached skill level 5 in Throwing
  4908 | D:6      | Reached skill level 5 in Unarmed Combat
  4987 | D:6      | Found a stormy altar of Qazlal.
  5111 | D:6      | Reached XP level 8. HP: 79/79 MP: 7/7
  5386 | D:6      | Reached skill level 5 in Fighting
  5682 | D:7      | Found Puquoh's Antique Weapon Boutique.
  5733 | D:7      | Noticed Joseph
  5733 | D:7      | Noticed Harold
  5932 | D:8      | Noticed a death yak
  6099 | D:8      | Found Awkiurghejo's Assorted Antiques.
  6202 | D:7      | Bought a scorched rapier for 252 gold pieces
  6202 | D:7      | Identified the cursed +1 rapier "Havir" {drain, rElec rC+
                  | rN+ Str-4} (You bought it in a shop on level 7 of the
                  | Dungeon)
  6527 | D:7      | Killed Joseph
  6527 | D:7      | Reached skill level 6 in Throwing
  6527 | D:7      | Reached skill level 1 in Armour
  6776 | D:8      | Found Lotramum's Weapon Boutique.
  6796 | D:8      | Noticed a death yak
  6796 | D:8      | Noticed a death yak
  6826 | D:7      | HP: 1/81 [death yak (19)]
  7024 | D:6      | Paralysed by fainting for 5 turns
  7563 | D:8      | Reached * piety under Kikubaaqudgha
  7563 | D:8      | Identified Kikubaaqudgha's Tome of Evil Rituals
                  | (Kikubaaqudgha gifted it to you on level 8 of the Dungeon)
  7563 | D:8      | Received a gift from Kikubaaqudgha
  7592 | D:8      | Noticed Erica
  7613 | D:8      | Killed Erica
  7613 | D:8      | Reached skill level 1 in Polearms
  7613 | D:8      | Reached XP level 9. HP: 25/89 MP: 8/8
  7732 | D:8      | Learned a level 3 spell: Vampiric Draining
  7738 | D:8      | Found Etintoly's Assorted Antiques.
  7925 | D:8      | Reached skill level 1 in Long Blades
  8189 | D:8      | Found a bloodstained altar of Trog.
  8205 | D:8      | Noticed Gastronok
  8304 | D:8      | Reached skill level 1 in Necromancy
  8310 | D:8      | Reached skill level 7 in Throwing
  8427 | D:8      | Killed Gastronok
  8427 | D:8      | Reached skill level 1 in Spellcasting
  8427 | D:8      | Reached XP level 10. HP: 28/100 MP: 8/11
  8930 | D:5      | Killed a death yak
  9214 | D:8      | Found a staircase to the Lair.
  9629 | D:9      | Found a shattered altar of Ashenzari.
  9964 | D:9      | Reached skill level 8 in Throwing
 10060 | D:9      | Reached ** piety under Kikubaaqudgha
 10771 | D:10     | Entered Level 10 of the Dungeon
 10871 | D:10     | Found a staircase to the Orcish Mines.
 11185 | D:10     | Reached skill level 1 in Dodging
 11338 | D:10     | Reached XP level 11. HP: 34/109 MP: 14/14
 11509 | D:10     | Reached *** piety under Kikubaaqudgha
 11509 | D:10     | Identified Kikubaaqudgha's Papyrus of Unholy Rituals
                  | (Kikubaaqudgha gifted it to you on level 10 of the Dungeon)
 11509 | D:10     | Received a gift from Kikubaaqudgha
 11528 | D:10     | Learned a level 4 spell: Animate Dead
 11533 | D:10     | Learned a level 4 spell: Dispel Undead
 11654 | D:10     | Noticed a two-headed ogre
 11744 | D:10     | Killed a two-headed ogre
 11892 | D:10     | Reached skill level 1 in Evocations
 12453 | Lair:1   | Entered Level 1 of the Lair of Beasts
 13769 | Lair:1   | HP: 5/111 [poisoned by a spiny frog]
 13774 | Lair:1   | HP: 5/111 [poisoned by a spiny frog]
 13775 | Lair:1   | Mangled by a yak

Illustrated notes

Levels and vault maps discovered:
D:1:      evilmike_arrival_rings, layout_basic
D:2:      layout_basic, dancing_weapons_uskayaw, st_stairs_8
D:3:      layout_basic, corexii_leaking_fountain, grunt_ministairs_5,
          kennysheep_jessica_study
D:4:      layout_basic, lemuel_round_altar, overflow_temple_1_default,
          first_ration
D:5:      layout_basic, minmay_temple_entry_grid, uniq_duvessa
D:6:      layout_loops_cross, nicolae_qazlal_eye_of_the_storm
D:7:      layout_gridville, serial_shops, nicolae_shop_waterfront,
          minmay_strange_pillars, uniq_joseph, uniq_harold
D:8:      layout_basic, bloody_trog, dpeg_lair_monsters, serial_shops,
          nicolae_shop_statue_plus, shop, shop, uniq_erica, uniq_gastronok
D:9:      layout_loops_ring, ashenzari_conservatory_becter, grunt_livestock
D:10:     layout_irregular_city, orc_0_dummy, hangedman_misty_isle
Temple:   nicolae_temple_x_marks_the_god
Lair:1:   layout_chaotic_city, beast_lair_carwin_6

Skill      XL: |  1  2  3  4  5  6  7  8  9 10 11 |
---------------+----------------------------------+-----
Throwing       | 2 3 4 5 6 7 8 |  8.6
Unarmed Combat | 1 2 3 4 5 |  5.0
Fighting       | 2 3 4 6 7 |  7.8
Short Blades   | 2 |  2.9
Armour         | 3 |  3.1
Polearms       | 1 |  1.9
Long Blades    | 1 |  1.0
Necromancy     | 2 4 |  4.5
Maces & Flails | 2 4 |  4.8
Spellcasting   | 1 2 3 |  3.3
Dodging        | 1 2 |  2.3
Evocations     | 1 |  1.8
Stealth        | |  2.1

Action                   |  1- 3 |  4- 6 |  7- 9 | 10-12 || total
-------------------------+-------+-------+-------+-------++-------
Melee: Unarmed           |    99 |   231 |   124 |       ||   454
       Punch             |     1 |     3 |     4 |    19 ||    27
       Rapier            |       |       |    53 |   105 ||   158
       Spear             |       |       |    26 |   196 ||   222
       Scimitar          |       |       |    46 |    18 ||    64
       Dagger            |       |       |       |   131 ||   131
       Whip              |       |       |       |   118 ||   118
Throw: Dart              |       |     2 |    23 |    36 ||    61
       Boomerang         |       |       |    17 |    11 ||    28
  Use: Potion            |       |     2 |     3 |       ||     5
       Scroll            |       |     2 |     3 |     4 ||     9
 Stab: Sleeping          |     4 |     7 |     5 |     4 ||    20
  Eat: Chunk             |    16 |    24 |    36 |    46 ||   122
       Ration            |       |       |     2 |     1 ||     3
Armor: Robe              |    34 |    77 |    87 |   221 ||   419
Dodge: Dodged            |    46 |    94 |   125 |   251 ||   516
       Rpst.: Scimitar   |       |       |     9 |     4 ||    13
